| TOP OF THE 1ST |
|
Trenton Thunder batting - Pitching for Corpus Christi Hooks : LHP Jimmy Edlin
|
|
Pitching: LHP Jimmy Edlin
|
|
|
Batting: RHB Christian Shearer
|
0-0: Ball 1-0: Ground out 4-3 (Groundball, 4, EV 92.5 MPH)
|
|
Batting: RHB Tim Osborn
|
0-0: Ball 1-0: SINGLE (Groundball, 15S, EV 70.6 MPH) (infield hit)
|
|
Batting: SHB Ryan Buchbinder
|
0-0: Ball 1-0: Ball Tim Osborn steals 2nd base 2-0: Called Strike 2-1: Called Strike 2-2: Ball 3-2: Strikes out swinging
|
|
Batting: LHB Bobby Upton
|
0-0: Foul Ball, location: 2F 0-1: SINGLE (Flyball, 78S, EV 84.4 MPH) Tim Osborn to third
|
|
Batting: RHB Jose Tovar
|
0-0: Called Strike 0-1: Ball 1-1: Ball Passed Ball! Tim Osborn scores Bobby Upton to second 2-1: Swinging Strike 2-2: Foul Ball, location: 2F 2-2: Ground out 5-3 (Groundball, 5L, EV 105.6 MPH)
|
| Top of the 1st over - 1 run, 2 hits, 0 errors, 1 left on base; Trenton 1 - Corpus Christi 0 |
| BOTTOM OF THE 1ST |
|
Corpus Christi Hooks batting - Pitching for Trenton Thunder : RHP Aneirin Cadwallader
|
|
Pitching: RHP Aneirin Cadwallader
|
|
|
Batting: LHB Kelvin Jones
|
0-0: Ball 1-0: Ball 2-0: Called Strike 2-1: Ball 3-1: Foul Ball, location: 2F 3-2: Base on Balls
|
|
Batting: RHB Workneh Lagat
|
0-0: Ball 1-0: Foul Ball, location: 2F 1-1: Grounds into double play, 5-4-3 (Groundball, 56S, EV 86.2 MPH)
|
|
Batting: RHB Elijah Hunter
|
0-0: Ground out 6-3 (Groundball, 6, EV 82.5 MPH)
|
| Bottom of the 1st over - 0 runs, 0 hits, 0 errors, 0 left on base; Trenton 1 - Corpus Christi 0 |
| TOP OF THE 2ND |
|
Trenton Thunder batting - Pitching for Corpus Christi Hooks : LHP Jimmy Edlin
|
|
Batting: RHB Larry Martell
|
0-0: SINGLE (Groundball, 34D, EV 106.9 MPH)
|
|
Batting: RHB Dale Altman
|
0-0: DOUBLE (Line Drive, 9LM, EV 90.6 MPH) Larry Martell to third Runner from 3rd tries for Home, SAFE, throw by RF to home
|
|
Batting: RHB Roberto Tena
|
0-0: Ball 1-0: Called Strike 1-1: Ground out 4-3 (Groundball, 4, EV 85.6 MPH) Dale Altman to third
|
|
Batting: RHB John Sabean
|
0-0: Ball 1-0: Ground out 5-3 (Groundball, 56, EV 106.9 MPH) Dale Altman scores
|
|
Batting: RHB Christian Shearer
|
0-0: Fly out, F7 (Flyball, 7D, EV 90.6 MPH)
|
| Top of the 2nd over - 2 runs, 2 hits, 0 errors, 0 left on base; Trenton 3 - Corpus Christi 0 |
| BOTTOM OF THE 2ND |
|
Corpus Christi Hooks batting - Pitching for Trenton Thunder : RHP Aneirin Cadwallader
|
|
Batting: RHB Bruce Bermudez
|
0-0: Called Strike 0-1: Ball 1-1: SINGLE (Groundball, 34, EV 100.0 MPH)
|
|
Batting: SHB Paskar Adegoke
|
0-0: Ball 1-0: Ball Bruce Bermudez is caught stealing 2nd base 2-6 2-0: Foul Ball, location: 2F 2-1: Ground out 4-3 (Groundball, 34, EV 103.8 MPH)
|
|
Batting: RHB Sam Spohn
|
0-0: Called Strike 0-1: Foul Ball, location: 2F 0-2: Foul Ball, location: 2F 0-2: Strikes out swinging
|
| Bottom of the 2nd over - 0 runs, 1 hit, 0 errors, 0 left on base; Trenton 3 - Corpus Christi 0 |
| TOP OF THE 3RD |
|
Trenton Thunder batting - Pitching for Corpus Christi Hooks : LHP Jimmy Edlin
|
|
Batting: RHB Tim Osborn
|
0-0: Foul Ball, location: 2F 0-1: Ball 1-1: Called Strike 1-2: Strikes out swinging
|
|
Batting: SHB Ryan Buchbinder
|
0-0: Ball 1-0: Foul Ball, location: 2F 1-1: Foul Ball, location: 2F 1-2: SINGLE (Groundball, P, EV 83.8 MPH) (infield hit)
|
|
Batting: LHB Bobby Upton
|
0-0: Ball 1-0: Swinging Strike 1-1: Fielders Choice at 2nd, 3-6 (Groundball, 3, EV 95.6 MPH)
|
|
Batting: RHB Jose Tovar
|
0-0: Ball 1-0: Called Strike 1-1: Ball 2-1: Foul Ball, location: 2F 2-2: Reached on error, E5 (Groundball, 56, EV 103.1 MPH) Bobby Upton to second
|
|
Batting: RHB Larry Martell
|
0-0: Foul Ball, location: 2F 0-1: Swinging Strike 0-2: Foul Ball, location: 2F 0-2: Ball 1-2: Strikes out looking
|
| Top of the 3rd over - 0 runs, 1 hit, 1 error, 2 left on base; Trenton 3 - Corpus Christi 0 |
| BOTTOM OF THE 3RD |
|
Corpus Christi Hooks batting - Pitching for Trenton Thunder : RHP Aneirin Cadwallader
|
|
Batting: LHB Bob Dietz
|
0-0: Ball 1-0: Foul Ball, location: 2F 1-1: Foul Ball, location: 2F 1-2: Foul Ball, location: 2F 1-2: Ground out 4-3 (Groundball, 34D, EV 100.6 MPH)
|
|
Batting: RHB Masaru Konno
|
0-0: Foul Ball, location: 2F 0-1: Called Strike 0-2: Ball 1-2: Strikes out looking
|
|
Batting: LHB Jimmy Edlin
|
0-0: Ball 1-0: Swinging Strike 1-1: Ground out U3 (Groundball, 34, EV 85.6 MPH)
|
| Bottom of the 3rd over - 0 runs, 0 hits, 0 errors, 0 left on base; Trenton 3 - Corpus Christi 0 |
| TOP OF THE 4TH |
|
Trenton Thunder batting - Pitching for Corpus Christi Hooks : LHP Jimmy Edlin
|
|
Batting: RHB Dale Altman
|
0-0: DOUBLE (Line Drive, 78D, EV 105.6 MPH)
|
|
Batting: RHB Roberto Tena
|
0-0: Called Strike 0-1: Ground out 6-3 (Groundball, 6, EV 86.9 MPH)
|
|
Batting: RHB John Sabean
|
0-0: Called Strike Dale Altman steals 3rd base 0-1: Foul Ball, location: 2F 0-2: Ground out U3 (Groundball, 3, EV 100.6 MPH)
|
|
Batting: RHB Christian Shearer
|
0-0: Ground out 4-3 (Groundball, 4, EV 80.0 MPH)
|
| Top of the 4th over - 0 runs, 1 hit, 0 errors, 1 left on base; Trenton 3 - Corpus Christi 0 |
| BOTTOM OF THE 4TH |
|
Corpus Christi Hooks batting - Pitching for Trenton Thunder : RHP Aneirin Cadwallader
|
|
Batting: LHB Kelvin Jones
|
0-0: Called Strike 0-1: Ball 1-1: Foul Ball, location: 2F 1-2: Fly out, F8 (Flyball, 8RS, EV 90.0 MPH)
|
|
Batting: RHB Workneh Lagat
|
0-0: Called Strike 0-1: Ball 1-1: Called Strike 1-2: Ground out 6-3 (Groundball, 6D, EV 103.1 MPH)
|
|
Batting: RHB Elijah Hunter
|
0-0: Called Strike 0-1: Fly out, F8 (Flyball, 8LXD, EV 81.2 MPH)
|
| Bottom of the 4th over - 0 runs, 0 hits, 0 errors, 0 left on base; Trenton 3 - Corpus Christi 0 |
| TOP OF THE 5TH |
|
Trenton Thunder batting - Pitching for Corpus Christi Hooks : LHP Jimmy Edlin
|
|
Batting: RHB Tim Osborn
|
0-0: Ball 1-0: Foul Ball, location: 2F 1-1: Ball 2-1: Ball 3-1: Fly out, F9 (Flyball, 9LS, EV 90.6 MPH)
|
|
Batting: SHB Ryan Buchbinder
|
0-0: Ball 1-0: Fly out, F7 (Flyball, 7, EV 92.5 MPH)
|
|
Batting: LHB Bobby Upton
|
0-0: Ball 1-0: Ball 2-0: Called Strike 2-1: Foul Ball, location: 2F 2-2: Ball 3-2: Strikes out swinging
|
| Top of the 5th over - 0 runs, 0 hits, 0 errors, 0 left on base; Trenton 3 - Corpus Christi 0 |
| BOTTOM OF THE 5TH |
|
Corpus Christi Hooks batting - Pitching for Trenton Thunder : RHP Aneirin Cadwallader
|
|
Batting: RHB Bruce Bermudez
|
0-0: Ball 1-0: Ball 2-0: Ball 3-0: Called Strike 3-1: Base on Balls
|
|
Batting: SHB Paskar Adegoke
|
0-0: Called Strike Bruce Bermudez steals 2nd base 0-1: Ball 1-1: Foul Ball, location: 2F 1-2: Fly out, F7 (Flyball, 78M, EV 95.6 MPH)
|
|
Batting: RHB Sam Spohn
|
0-0: Called Strike 0-1: Called Strike 0-2: Ground out 6-3 (Groundball, 6, EV 89.4 MPH) Bruce Bermudez to third
|
|
Batting: LHB Bob Dietz
|
0-0: Ball 1-0: Ball 2-0: Ball 3-0: Base on Balls
|
|
Batting: RHB Masaru Konno
|
0-0: Swinging Strike 0-1: Swinging Strike 0-2: Strikes out swinging
|
| Bottom of the 5th over - 0 runs, 0 hits, 0 errors, 2 left on base; Trenton 3 - Corpus Christi 0 |
| TOP OF THE 6TH |
|
Trenton Thunder batting - Pitching for Corpus Christi Hooks : LHP Jimmy Edlin
|
|
Batting: RHB Jose Tovar
|
0-0: Ball 1-0: Called Strike 1-1: SINGLE (Flyball, 89S, EV 87.5 MPH)
|
|
Batting: RHB Larry Martell
|
0-0: Fielders Choice at 2nd, 5-4 (Groundball, 5, EV 83.1 MPH)
|
|
Batting: RHB Dale Altman
|
0-0: Ball 1-0: Ball Wild Pitch! Larry Martell to second 2-0: Called Strike 2-1: Called Strike 2-2: Foul Ball, location: 2F 2-2: Ground out 5-3 (Groundball, 5L, EV 107.5 MPH)
|
|
Batting: RHB Roberto Tena
|
0-0: Ball 1-0: Swinging Strike 1-1: Foul Ball, location: 2F 1-2: Strikes out swinging
|
| Top of the 6th over - 0 runs, 1 hit, 0 errors, 1 left on base; Trenton 3 - Corpus Christi 0 |
| BOTTOM OF THE 6TH |
|
Corpus Christi Hooks batting - Pitching for Trenton Thunder : RHP Aneirin Cadwallader
|
|
Batting: LHB Jimmy Edlin
|
0-0: Foul Ball, location: 2F 0-1: Ball 1-1: Ball 2-1: Foul Ball, location: 2F 2-2: Foul Ball, location: 2F 2-2: Ball 3-2: Base on Balls
|
|
Batting: LHB Kelvin Jones
|
0-0: Ball 1-0: Ball 2-0: Called Strike 2-1: Swinging Strike 2-2: Fly out, F8 (Flyball, 8RM, EV 95.6 MPH)
|
|
Batting: RHB Workneh Lagat
|
0-0: Called Strike 0-1: Ball 1-1: Foul Ball, location: 2F 1-2: SINGLE (Line Drive, 9S, EV 101.2 MPH) Jimmy Edlin to second
|
|
Batting: RHB Elijah Hunter
|
0-0: Ball 1-0: Ball 2-0: SINGLE (Groundball, 5D, EV 96.9 MPH) Jimmy Edlin to third Workneh Lagat to second Runner from 3rd tries for Home, SAFE, throw by LF to home
|
|
Pitching: RHP Antonio Castillo
|
|
|
Batting: RHB Bruce Bermudez
|
0-0: Swinging Strike 0-1: Ball 1-1: Ground out 3-1 (Groundball, 13, EV 83.8 MPH) Workneh Lagat to third Elijah Hunter to second
|
|
Batting: SHB Paskar Adegoke
|
0-0: Called Strike 0-1: Swinging Strike 0-2: Strikes out swinging
|
| Bottom of the 6th over - 1 run, 2 hits, 0 errors, 2 left on base; Trenton 3 - Corpus Christi 1 |
| TOP OF THE 7TH |
|
Trenton Thunder batting - Pitching for Corpus Christi Hooks : LHP Jimmy Edlin
|
|
Batting: RHB John Sabean
|
0-0: Ball 1-0: Foul Ball, location: 2F 1-1: Ball 2-1: Ground out 4-3 (Groundball, 4, EV 108.1 MPH)
|
|
Batting: RHB Christian Shearer
|
0-0: Ball 1-0: Called Strike 1-1: Ball 2-1: Foul Ball, location: 2F 2-2: Ball 3-2: Base on Balls
|
|
Pitching: RHP John Zike
|
|
|
Batting: RHB Tim Osborn
|
0-0: Called Strike 0-1: Ball Christian Shearer steals 2nd base 1-1: Ball 2-1: Foul Ball, location: 2F 2-2: Ball 3-2: Foul Ball, location: 2F 3-2: Base on Balls
|
|
Batting: SHB Ryan Buchbinder
|
0-0: Ball Christian Shearer steals 3rd base Tim Osborn to second 1-0: Ball 2-0: Swinging Strike 2-1: Foul Ball, location: 2F 2-2: Foul Ball, location: 2F 2-2: Strikes out swinging
|
|
Batting: LHB Bobby Upton
|
0-0: Called Strike 0-1: Foul Ball, location: 2F 0-2: Ball 1-2: Ground out 4-3 (Groundball, 4S, EV 82.5 MPH)
|
| Top of the 7th over - 0 runs, 0 hits, 0 errors, 2 left on base; Trenton 3 - Corpus Christi 1 |
| BOTTOM OF THE 7TH |
|
Corpus Christi Hooks batting - Pitching for Trenton Thunder : RHP Antonio Castillo
|
|
Batting: RHB Sam Spohn
|
0-0: Ball 1-0: Ball 2-0: Ball 3-0: Base on Balls
|
|
Batting: LHB Bob Dietz
|
0-0: Ball 1-0: Ball 2-0: Ball 3-0: Base on Balls Sam Spohn to second
|
|
Batting: RHB Masaru Konno
|
0-0: Ball 1-0: Fly out, F4 (Popup, 34, EV 65.0 MPH)
|
|
Batting: LHB Jimmy Edlin
|
0-0: Ball 1-0: Called Strike 1-1: Foul Ball, location: 2F 1-2: Ball 2-2: Foul Ball, location: 2F 2-2: Ball 3-2: Fly out, F8 (Flyball, 8RD, EV 88.8 MPH)
|
|
Batting: LHB Kelvin Jones
|
0-0: Called Strike 0-1: Foul Ball, location: 2F 0-2: SINGLE (Flyball, 3D, EV 91.2 MPH) Sam Spohn to third Bob Dietz to second Runner from 3rd tries for Home, throw by RF and OUT! 9-2
|
| Bottom of the 7th over - 0 runs, 1 hit, 0 errors, 2 left on base; Trenton 3 - Corpus Christi 1 |
| TOP OF THE 8TH |
|
Trenton Thunder batting - Pitching for Corpus Christi Hooks : RHP John Zike
|
|
Batting: RHB Jose Tovar
|
0-0: Ball 1-0: Ground out 1-3 (Groundball, 13S, EV 66.2 MPH)
|
|
Batting: RHB Larry Martell
|
0-0: Called Strike 0-1: Foul Ball, location: 2F 0-2: Ball 1-2: Ball 2-2: Ground out 6-3 (Groundball, 6D, EV 100.6 MPH)
|
|
Batting: RHB Dale Altman
|
0-0: Called Strike 0-1: Ball 1-1: Ground out 3-1 (Groundball, 13, EV 86.9 MPH)
|
| Top of the 8th over - 0 runs, 0 hits, 0 errors, 0 left on base; Trenton 3 - Corpus Christi 1 |
| BOTTOM OF THE 8TH |
|
Corpus Christi Hooks batting - Pitching for Trenton Thunder : RHP Antonio Castillo
|
|
Pitching: RHP Jimmy Williams
|
|
|
Batting: RHB Workneh Lagat
|
0-0: Ball 1-0: Ball 2-0: Called Strike 2-1: Ground out 6-3 (Groundball, 6, EV 103.8 MPH)
|
|
Batting: RHB Elijah Hunter
|
0-0: Called Strike 0-1: Fly out, F7 (Flyball, 7, EV 89.4 MPH)
|
|
Batting: RHB Bruce Bermudez
|
0-0: Fly out, F8 (Line Drive, 8RM, EV 96.9 MPH)
|
| Bottom of the 8th over - 0 runs, 0 hits, 0 errors, 0 left on base; Trenton 3 - Corpus Christi 1 |
| TOP OF THE 9TH |
|
Trenton Thunder batting - Pitching for Corpus Christi Hooks : RHP John Zike
|
|
Pitching: RHP Alex Salinas
|
|
|
Batting: RHB Roberto Tena
|
0-0: SINGLE (Line Drive, 7S, EV 103.1 MPH)
|
|
Batting: RHB John Sabean
|
0-0: Bunted foul 0-1: Bunt missed! 0-2: Ground out 6-3 (Groundball, 6MS, EV 77.5 MPH) Roberto Tena to second
|
|
Batting: RHB Christian Shearer
|
0-0: Foul Ball, location: 2F 0-1: Ball 1-1: Ground out 1-3 (Groundball, 15S, EV 75.0 MPH)
|
|
Batting: RHB Tim Osborn
|
0-0: Swinging Strike 0-1: Swinging Strike 0-2: Strikes out swinging
|
| Top of the 9th over - 0 runs, 1 hit, 0 errors, 1 left on base; Trenton 3 - Corpus Christi 1 |
| BOTTOM OF THE 9TH |
|
Corpus Christi Hooks batting - Pitching for Trenton Thunder : RHP Jimmy Williams
|
|
Pitching: RHP Ricky Mercer
|
|
|
Batting: SHB Paskar Adegoke
|
0-0: Called Strike 0-1: Ball 1-1: Ball 2-1: Ball 3-1: Foul Ball, location: 2F 3-2: Base on Balls
|
|
Batting: RHB Sam Spohn
|
0-0: Ball 1-0: Foul Ball, location: 2F 1-1: Fielders Choice at 2nd, 5-4 (Groundball, 56S, EV 89.4 MPH)
|
|
Batting: LHB Bob Dietz
|
0-0: Ball 1-0: Ball 2-0: Fielders Choice at 2nd, 4-6 (Groundball, 4MS, EV 80.0 MPH)
|
|
Batting: RHB Masaru Konno
|
0-0: Called Strike 0-1: Swinging Strike 0-2: Ball 1-2: Ball 2-2: Ball 3-2: Strikes out swinging
|
| Bottom of the 9th over - 0 runs, 0 hits, 0 errors, 1 left on base; Trenton 3 - Corpus Christi 1 |
|